 Dungeon Crawl Stone Soup version 0.20.1-1-g8b1a95d (console) character file.

1179 bli the Magician (level 8, -14/58 HPs)
             Began as a Merfolk Summoner on Aug 9, 2017.
             Killed from afar by Dowan (21 damage)
             ... with a shard of ice
             ... on level 6 of the Dungeon on Aug 10, 2017.
             The game lasted 00:42:46 (6991 turns).

bli the Magician (Merfolk Summoner)                 Turns: 6991, Time: 00:42:47

Health: -14/58     AC:  8    Str:  8    XL:     8   Next: 42%
Magic:  2/15       EV: 14    Int: 19    God:
Gold:   310        SH:  5    Dex: 17    Spells: 10/17 levels left

rFire    . . .     SeeInvis .   a - +2 spear (freeze)
rCold    . . .     Gourm    .   j - +0 buckler {AC+3}
rNeg     . . .     Faith    .   v - +0 robe {Archmagi}
rPois    .         Spirit   .   I - +2 helmet
rElec    .         Reflect  .   (no cloak)
rCorr    .         Harm     .   (no gloves)
MR       .....                  (no boots)
Stlth    +++.......             (no amulet)
Regen    0.2/turn               y - +5 ring of intelligence
MPRegen  0.2/turn               E - ring of wizardry

@: drained
A: change form in water, swift swim, stealthy swim
a: no special abilities


You were on level 6 of the Dungeon.
You were very hungry.

You visited 1 branch of the dungeon, and saw 6 of its levels.

You collected 310 gold pieces.

Inventory:

Hand Weapons
 a - a +2 spear of freezing (weapon)
 b - a +0 trident
 d - a +0 scythe
 J - a +2 rapier of electrocution
 M - a +2 flail of holy wrath
 O - a +2 halberd of freezing
 P - a +1 mace of holy wrath
 Q - a +0 halberd of freezing
 T - a +1 dagger of electrocution
Missiles
 f - 145 stones (quivered)
 q - 7 javelins
Armour
 j - a +0 buckler of protection (worn)
 u - a +0 helmet
 v - a +0 robe of the Archmagi (worn)
 G - a +0 robe
 I - a +2 helmet (worn)
 N - a +0 buckler
 U - a cursed -2 robe
Jewellery
 e - a +2 ring of slaying
 y - a +5 ring of intelligence (left hand)
 z - a +2 ring of strength
 E - a ring of wizardry (right hand)
 S - the ring of Urghefaw {Ice SInv}
   (You found it on level 6 of the Dungeon)

   [ring of ice]

   It enhances your ice magic.
   It makes you vulnerable to fire.
   It protects you from cold.
   It lets you see invisible.
Wands
 B - a wand of iceblast (7/15)
 H - a wand of flame (28/48)
Scrolls
 g - 3 scrolls of enchant armour {unknown}
 k - 4 scrolls of remove curse
 o - 3 scrolls of amnesia {unknown}
 p - 2 scrolls of enchant weapon {unknown}
 r - 2 scrolls of immolation {unknown}
 t - a scroll of blinking {unknown}
 w - a scroll of noise {unknown}
 x - 3 scrolls of fear {unknown}
 A - 6 scrolls of identify {unknown}
 C - 2 scrolls of random uselessness {unknown}
 D - a scroll of recharging {unknown}
 R - a scroll of summoning {unknown}
Potions
 i - a potion of flight {unknown}
 m - a potion of invisibility
 s - 2 potions of lignification
 F - 3 potions of heal wounds {unknown}
 L - a potion of magic
Books
 h - a book of Callings

   Spells                             Type                      Level
   a - Summon Small Mammal            Summoning                    1
   b - Call Imp                       Summoning                    2
   c - Call Canine Familiar           Summoning                    3
   d - Summon Guardian Golem          Hexes/Summoning              3
   e - Summon Lightning Spire         Summoning/Air                4
   f - Summon Ice Beast               Ice/Summoning                4
Comestibles
 c - 2 bread rations
 l - a meat ration
 n - a fruit
 K - 2 royal jellies


   Skills:
 + Level 3.2(2.7) Fighting
 + Level 4.1(3.6) Polearms
 + Level 5.0(4.6) Dodging
 + Level 4.9(4.5) Stealth
 * Level 3.1(2.6) Shields
 * Level 5.2(4.7) Spellcasting
 + Level 4.8(4.4) Summonings
 + Level 1.0(0.6) Ice Magic


You had 10 spell levels left.
You knew the following spells:

 Your Spells              Type           Power        Failure   Level  Hunger
a - Summon Small Mammal   Summ           ####         1%          1    None
b - Call Imp              Summ           ####....     1%          2    #......
c - Summon Ice Beast      Ice/Summ       ###.....     21%         4    ####...


Dungeon Overview and Level Annotations

Branches:
Dungeon (6/15)
 Temple: D:4-7

Altars:
Elyvilon
Nemelex Xobeh
Okawaru
Zin
The Shining One

Annotations:
D:3 Liatris's ghost, amateur HOFi
D:6 Dowan


Message History

Your crimson imp hits something.
Something hits you but does no damage.
The jelly hits your shadow imp but does no damage.
The orc warrior hits you with a scimitar.
* * * LOW HITPOINT WARNING * * *
Dowan barely misses you.
You swap places.
Your crimson imp blinks!
Something hits you but does no damage. The jelly misses your shadow imp.
Your crimson imp hits the jelly.
Your crimson imp is burned by acid!
Your shadow imp closely misses something.
The orc barely misses something.
Your crimson imp closely misses Dowan.
You block Dowan's attack.
The orc barely misses something.
Casting: Call Imp
Confirm with . or Enter, or press ? or * to list all spells.
You feel a surge of power!
A beastly little devil appears in a puff of frigid air.
Dowan hits you but does no damage. Something hits your crimson imp.
Dowan gestures at you while chanting. The shard of ice hits you!
You die...

##... #.......oe....#
..... #.......o.....#
####. ######'#######
#.#.#.# #.# #
#.#.)5###.# #.#
#.###.J...#
#.######......5†.#
##.....#########o<#
###...#...#######o5.####
..............5..e.....+
###...#.5.#####.@...####
##.##.### #.##.## ###.#
#.#### #<# #.# #5# #.#
#.# #.# #5# #.# #.# #.#
##### #.# ....###.#
........#


You could see an orc warrior, Dowan, an orc, a friendly crimson imp and a
friendly white imp.

Vanquished Creatures
  Sigmund (D:3)
  An ice beast (D:5)
  A bullfrog (D:4)
  2 wights (D:6)
  A hound (D:5)
  2 bullfrog skeletons
  An orc wizard (D:5)
  2 worker ants (D:4)
  2 gnolls (D:5)
  An ooze (D:2)
  An adder skeleton (D:5)
  A worm (D:4)
  11 dart slugs
  5 orcs
  2 ball pythons
  5 bats
  4 giant cockroaches
  9 goblins
  5 hobgoblins
  2 jackals (D:5)
  A quokka (D:6)
  3 frilled lizards
  A jackal skeleton (D:6)
  4 kobolds
  A quokka skeleton (D:4)
  5 rats
74 creatures vanquished.

Vanquished Creatures (collateral kills)
  Eustachio (D:4)
  Duvessa (D:6)
  An ogre (D:5)
  3 wights (D:6)
  A crimson imp (D:6)
  A hound (D:3)
  2 orc priests (D:5)
  A gnoll shaman (D:5)
  Ijyb (D:3)
  Jessica (D:3)
  A worker ant (D:4)
  A centaur skeleton (D:5)
  An iguana (D:4)
  2 orc wizards (D:5)
  Robin (D:4)
  A gnoll (D:5)
  4 adders
  A shadow imp (D:6)
  An ooze (D:1)
  3 worms (D:5)
  An adder skeleton (D:5)
  2 dart slugs (D:5)
  5 orcs
  4 giant cockroaches
  8 goblins
  2 hobgoblins
  2 jackals (D:5)
  2 quokkas
  A bat (D:1)
  2 frilled lizards
  A jackal zombie (D:5)
  4 kobolds
  A rat (D:3)
64 creatures vanquished.

Grand Total: 138 creatures vanquished

Notes
Turn   | Place    | Note
-------+----------+-------------------------------------------
     0 | D:1      | bli the Merfolk Summoner began the quest for the Orb.
     0 | D:1      | Reached XP level 1. HP: 13/13 MP: 3/3
   369 | D:1      | Reached skill level 1 in Fighting
   387 | D:1      | Reached XP level 2. HP: 21/21 MP: 5/5
  1001 | D:1      | Reached XP level 3. HP: 24/27 MP: 0/6
  1727 | D:2      | Learned a level 2 spell: Call Imp
  1902 | D:2      | Found a sparkling altar of Nemelex Xobeh.
  2409 | D:3      | Noticed Jessica
  2422 | D:3      | Killed Jessica
  2422 | D:3      | Reached XP level 4. HP: 10/33 MP: 1/7
  2632 | D:3      | Learned a level 4 spell: Summon Ice Beast
  2797 | D:3      | Noticed Ijyb
  2813 | D:3      | Killed Ijyb
  2961 | D:3      | Reached XP level 5. HP: 28/38 MP: 2/8
  3020 | D:3      | Found a white marble altar of Elyvilon.
  3020 | D:3      | Found a glowing silver altar of Zin.
  3020 | D:3      | Found a glowing golden altar of the Shining One.
  3066 | D:3      | Noticed Liatris's ghost (amateur HOFi)
  3406 | D:4      | Reached skill level 1 in Shields
  3772 | D:4      | Noticed Eustachio
  3799 | D:4      | Noticed Robin
  3859 | D:4      | Killed Robin
  3929 | D:4      | Reached skill level 1 in Ice Magic
  4019 | D:5      | Entered Level 5 of the Dungeon
  4325 | D:5      | Reached XP level 6. HP: 41/46 MP: 4/10
  4540 | D:4      | Killed Eustachio
  4540 | D:4      | Reached skill level 1 in Polearms
  4616 | D:4      | Found a sparkling altar of Nemelex Xobeh.
  4811 | D:3      | Noticed Sigmund
  4862 | D:3      | HP: 3/69 [something (3)]
  4885 | D:3      | Killed Sigmund
  4885 | D:3      | Reached XP level 7. HP: 7/51 MP: 12/12
  5698 | D:5      | Found an iron altar of Okawaru.
  6282 | D:5      | Reached XP level 8. HP: 34/58 MP: 10/14
  6677 | D:6      | Got a sparkling iron ring
  6776 | D:6      | Reached skill level 5 in Dodging
  6797 | D:6      | Identified the ring of Urghefaw {Ice SInv} (You found it on level 6 of the Dungeon)
  6931 | D:6      | Noticed Duvessa
  6931 | D:6      | Noticed Dowan
  6985 | D:6      | Killed Duvessa
  6985 | D:6      | Reached skill level 5 in Spellcasting
  6991 | D:6      | Killed from afar by Dowan

Skill      XL: |  1  2  3  4  5  6  7  8 |
---------------+-------------------------+-----
Fighting       | 1 2 3 |  3.2
Dodging        | 3 4 5 |  5.0
Stealth        | 3 4 |  4.9
Shields        | 1 2 3 |  3.1
Ice Magic      | 1 |  1.0
Spellcasting   | 3 4 5 |  5.2
Polearms       | 1 3 4 |  4.1
Summonings     | |  4.8

Action                   |  1- 3 |  4- 6 |  7- 9 || total
-------------------------+-------+-------+-------++-------
Melee: Unarmed           |    13 |       |       ||    13
       Dagger            |   121 |   204 |     1 ||   326
       Tailslap          |       |     1 |     1 ||     2
       Trident           |       |     5 |   153 ||   158
       Rapier            |       |     3 |       ||     3
       Spear             |       |       |    31 ||    31
 Cast: Summon Small Mamm |    56 |    17 |    15 ||    88
       Call Imp          |     1 |    28 |    38 ||    67
       Summon Ice Beast  |       |     1 |       ||     1
  Use: Potion            |       |     5 |       ||     5
       Scroll            |       |     2 |       ||     2
 Stab: Sleeping          |     9 |     7 |     2 ||    18
       Distracted        |       |     1 |     3 ||     4
       Invisible         |       |     1 |       ||     1
  Eat: Chunk             |     6 |    10 |     7 ||    23
Armor: Robe              |    29 |    68 |    59 ||   156
       Skin              |       |     6 |       ||     6
Dodge: Dodged            |   119 |   145 |    85 ||   349
Block: Buckler           |     8 |    31 |    33 ||    72
